 Dungeon Crawl Stone Soup version 0.28-a0-1292-gb4563b27b3 (webtiles) character file.

Game seed: 5088026863332168100

541 ChaosChampion the Insei (level 7, -4/43 HPs)
             Began as an Octopode Transmuter on Dec 27, 2021.
             Killed from afar by Edmund (14 damage)
             ... with an iceblast
             ... on level 4 of the Dungeon.
             The game lasted 00:09:47 (5446 turns).

ChaosChampion the Insei (Octopode Transmuter)       Turns: 5446, Time: 00:09:47

Health: -4/43      AC:  2    Str:  9    XL:     7   Next: 26%
Magic:  8/10       EV: 19    Int: 18    God:
Gold:   156        SH:  0    Dex: 17    Spells: 2/10 levels left

rFire   . . .      SeeInvis .     - Unarmed
rCold   . . .      Faith    .   (shield currently unavailable)
rNeg    + . .      Spirit   .   (helmet currently unavailable)
rPois   x          Reflect  .   (no amulet)
rElec   .          Harm     .   e - ring of positive energy
rCorr   +          Rampage  .   i - ring of resist corrosion
Will    .....                   (no ring)
Stlth   ++........              (no ring)
HPRegen 0.14/turn               (no ring)
MPRegen 0.12/turn               (no ring)
                                (no ring)
                                (no ring)

@: spider-form
A: venomous fangs, almost no armour, (amphibious), 8 rings, tiny, (camouflage
1), (gelatinous body 1), (nimble swimmer 1), (tentacles)
a: End Transformation


You were on level 4 of the Dungeon.
You were a venomous arachnid creature.
You visited 1 branch of the dungeon, and saw 5 of its levels.

You collected 156 gold pieces.

Inventory:

Missiles
 j - 13 poisoned darts (quivered)
Jewellery
 e - a ring of positive energy (left front leg)
 g - an amulet of magic regeneration
 i - a ring of resist corrosion (right front leg)
Scrolls
 a - a scroll of fog
 b - a scroll of enchant weapon
Potions
 c - 2 potions of curing
 d - a potion of might {unknown}
 f - a potion of mutation {unknown}
 h - 2 potions of heal wounds {unknown}
 k - a potion of haste {unknown}
 l - a potion of attraction {unknown}


   Skills:
 - Level 1.0 Fighting
 - Level 2.0 Dodging
 + Level 6.6 Unarmed Combat
 + Level 2.1 Spellcasting
 + Level 0.5 Translocations
 + Level 4.6 Transmutations
 + Level 0.8 Poison Magic


You had 2 spell levels left.
You knew the following spells:

 Your Spells              Type           Power      Damage    Failure   Level
a - Beastly Appendage     Tmut           36%        N/A       10%         1
b - Wereblood             Tmut           18%        N/A       13%         2
c - Spider Form           Tmut/Pois      11%        N/A       36%         3
z - Blink                 Tloc           8%         N/A       43%         2

Your spell library contained the following spells:

 Spells                   Type           Power      Damage    Failure   Level
 Ignite Poison            Fire/Tmut/Pois 8%         N/A       47%         3
 Conjure Flame            Conj/Fire      1%         6-21      69%         3
 Ice Form                 Ice/Tmut       10%        N/A       77%         4
 Sticky Flame             Conj/Fire      1%         2d3       96%         4
 Manifold Assault         Tloc           4%         N/A       99%         5
 Storm Form               Tmut/Air       5%         N/A       100%        7


Dungeon Overview and Level Annotations

Branches:
Dungeon (5/15)
 Temple: D:4-7

Altars:

Annotations:
D:3 2 transporters, Ijustatesigmund's ghost, amateur HOFi
D:4 Edmund; Pikel


Innate Abilities, Weirdness & Mutations

You are a venomous arachnid creature.
You have poisonous fangs.
You are tiny and dextrous.
Your spellcasting is less reliable in this form.
Your armour is entirely melded.
You are incapable of wielding weapons or throwing items.
You cannot wear most types of armour.
((You are amphibious.))
You can wear up to eight rings at the same time.
((Your skin changes colour to match your surroundings (Stealth+).))
((Your rubbery body absorbs attacks. (AC +1, EV +1)))
((You are camouflaged when in or above water. (Stealth+)))
((You have tentacles for arms and can constrict up to eight enemies at once.))


Message History

You bite the ogre!
The ogre is poisoned.
The ogre is moderately wounded.
The ogre completely misses you.
You barely miss the ogre.
The ogre is moderately wounded.
The ogre closely misses you.
You bite the ogre!
The ogre looks as sick as possible!
The ogre is heavily wounded.
You hit the ogre but do no damage.
The ogre is heavily wounded.
The ogre completely misses you.
You hit the ogre.
The ogre looks as sick as possible!
The ogre is almost dead.
Your transformation is almost over.
The ogre hits you with a +0 giant club!!
Ouch! That really hurt!
You kill the ogre!
You start resting.
Your transformation has ended.
You start resting.
Magic restored.
You start resting.
Edmund is nearby!
You start resting.
Edmund is nearby!
Edmund shouts!
Casting: Spider Form (quite dangerous; 17% risk of failure)
Confirm with . or Enter, or press ? or * to list all spells.
The spell is quite dangerous to miscast (17% risk of failure)!
Continue anyway?
You turn into a venomous arachnid creature.
You hit Edmund.
Edmund is poisoned.
Edmund is lightly wounded.
Edmund hits you with a +4 vorpal flail!
You are too injured to fight recklessly!
Edmund drinks a potion.
Edmund is healed!
Edmund looks more healthy.
Edmund asks, "Have you met my wondrous brother?"
Edmund zaps a wand.
The mass of ice explodes!
The iceblast engulfs you!
* * * LOW HITPOINT WARNING * * *
Edmund zaps a wand.
The mass of ice explodes!
The iceblast engulfs you!
You die...

#........#.....
#.........@....
#........#.....
...............
########....##)..#.
#...@...........##.
#.####@......#####.
###..................
#.>.s.##......###....
#.............###....
#.....#............(.
#.............###....
#......#......# #####
#.....##......#
#.....##.....(#
#.....##......#
#.....#########


You could see Edmund.

Vanquished Creatures
  A water moccasin (D:4)
  Pargi (D:3)
  An ogre (D:4)
  3 lemures
  An orc priest (D:3)
  A hound (D:3)
  2 orc wizards (D:3)
  A hound skeleton (D:4)
  A gnoll (D:1)
  5 adders
  5 worms
  3 dart slugs
  2 orcs (D:3)
  10 ball pythons
  An endoplasm (D:3)
  3 giant cockroaches
  6 goblins
  4 hobgoblins
  7 jackals
  5 kobolds
  10 quokkas
  4 bats
  4 frilled lizards
  7 rats
88 creatures vanquished.

Notes
Turn   | Place    | Note
-------+----------+-------------------------------------------
     0 | D:1      | ChaosChampion the Octopode Transmuter began the quest for
                  | the Orb.
     0 | D:1      | Reached XP level 1. HP: 13/13 MP: 3/3
    35 | D:1      | Found a faded altar of an unknown god.
   466 | D:1      | Reached XP level 2. HP: 18/18 MP: 3/5
   665 | D:1      | Reached XP level 3. HP: 23/23 MP: 6/6
  1074 | D:1      | Learned a level 2 spell: Wereblood
  1078 | D:1      | Learned a level 3 spell: Spider Form
  1136 | D:1      | Reached skill level 4 in Unarmed Combat
  1661 | D:2      | Reached XP level 4. HP: 26/28 MP: 3/7
  2795 | D:3      | Reached XP level 5. HP: 19/33 MP: 2/8
  2919 | D:3      | Found a transporter.
  2951 | D:3      | Found a transporter.
  2954 | D:3      | Noticed Ijustatesigmund's ghost (amateur HOFi)
  2970 | D:3      | Noticed Pargi
  2971 | D:3      | Noticed an ice beast
  2980 | D:3      | Killed Pargi
  2981 | D:3      | Reached skill level 5 in Unarmed Combat
  3190 | D:3      | Reached XP level 6. HP: 37/38 MP: 1/9
  3395 | D:3      | Reached skill level 6 in Unarmed Combat
  4190 | D:4      | Noticed Pikel
  4443 | D:4      | Noticed a water moccasin
  4462 | D:4      | Killed a water moccasin
  4463 | D:4      | Reached XP level 7. HP: 35/43 MP: 1/10
  4708 | D:4      | Noticed Edmund
  4984 | D:4      | Learned a level 2 spell: Blink
  5041 | D:5      | Entered Level 5 of the Dungeon
  5446 | D:4      | Killed from afar by Edmund

Illustrated notes

Levels and vault maps discovered:
D:1:      dpeg_arrival_simpleton_a, layout_rooms,
          hellmonk_ecumenical_altar_arch_garden, serial_corexii_hall,
          corexii_hall_statues_deadend, chequers_hall_statues_y
D:2:      layout_loops_ring
D:3:      layout_loops_ring, gammafunk_ghost_stat_death, st_stairs_8,
          corexii_corridor_pit, uniq_pargi
D:4:      layout_rooms, uniq_edmund, uniq_pikel
D:5:      layout_layer_cave, serial_shops, nicolae_shop_trees,
          minmay_crossroads, uniq_sigmund, uniq_prince_ribbit1, uniq_menkaure

Skill      XL: |  1  2  3  4  5  6 |
---------------+-------------------+-----
Unarmed Combat | 4 5 6 |  6.6
Transmutations | 3 4 |  4.6
Fighting       | |  1.0
Dodging        | |  2.0
Spellcasting   | |  2.1
Translocations | |  0.5
Poison Magic   | |  0.8

Action                   |  1- 3 |  4- 6 |  7- 9 || total
-------------------------+-------+-------+-------++-------
Melee: Unarmed           |    83 |   126 |    25 ||   234
       Constrict         |    24 |    10 |     6 ||    40
       Tentacles         |    10 |     6 |     3 ||    19
       Kick              |    10 |     5 |     4 ||    19
       Punch             |     1 |       |     2 ||     3
 Cast: Beastly Appendage |    12 |     8 |     3 ||    23
       Spider Form       |     1 |    12 |     5 ||    18
       Wereblood         |     1 |     7 |     3 ||    11
  Use: Scroll            |       |     3 |     1 ||     4
 Stab: Sleeping          |    10 |     3 |       ||    13
Armor: Skin              |    12 |     8 |     3 ||    23
Dodge: Dodged            |    46 |    98 |    13 ||   157

Table legend: (Time is in decaauts)
 A = Elapsed time spent in this place.
 B = Non-inter-level travel time spent in this place.
 C = Inter-level travel time spent in this place.
 D = Time resting spent in this place.
 E = Time spent auto-exploring this place.
 F = Levels seen in this place.
 G = Mean time per level.
                   A        B        C        D        E       F      G
               +--------+--------+--------+--------+--------+-----+--------+
         Total |   5430 |   5263 |    167 |    966 |   3299 |   5 | 1086.0 |
       Dungeon |   5430 |   5263 |    167 |    966 |   3299 |   5 | 1086.0 |
               +--------+--------+--------+--------+--------+-----+--------+

Top non-repeatable levels by time:
     D:2: 1656 daAuts
     D:3: 1437 daAuts
     D:1: 1279 daAuts
     D:4: 799 daAuts
     D:5: 258 daAuts
